 Dungeon Crawl Stone Soup version 0.29.1-14-g9c671dbff4 (webtiles) character file.

Game seed: 8357184537547531839

50 leafyfresh the Magician (level 4, -6/31 HPs)
             Began as a Djinni Ice Elementalist on Feb 18, 2023.
             Killed by miscasting Hailstorm (13 damage)
             ... on level 2 of the Dungeon.
             The game lasted 00:02:43 (2198 turns).

leafyfresh the Magician (Djinni Ice Elementalist)   Turns: 2198, Time: 00:02:44

Health: -6/31      AC:  2    Str:  7    XL:     4   Next: 4%
Gold:   127        EV: 13    Int: 19    God:
                   SH:  0    Dex: 13

rFire   + + .      SeeInvis .   c - +0 dagger
rCold   x . .      Faith    .   (no shield)
rNeg    . . .      Spirit   .   a - +0 robe
rPois   ∞          Reflect  .   (no helmet)
rElec   .          Harm     .   (no cloak)
rCorr   .          Rampage  .   (no gloves)
Will    .....                   (boots unavailable)
Stlth   ++........              (no amulet)
HPRegen 0.10/turn               (no ring)
MPRegen 0.00/turn               (no ring)

@: freezing walls, flying, very slightly contaminated
A: sickness immunity, fire resistance 2, cold vulnerability 1, float, innate
caster, HP casting, extra vitality 1
a: no special abilities


You were on level 2 of the Dungeon.
You visited 1 branch of the dungeon, and saw 2 of its levels.

You collected 127 gold pieces.

Inventory:

Hand Weapons
 c - a +0 dagger (weapon)
Armour
 a - a +0 robe (worn)
 l - a +0 buckler
Magical Staves
 n - a staff of fire
Scrolls
 b - a scroll of blinking {unknown}
 d - a scroll of brand weapon {unknown}
 e - 2 scrolls of fear {unknown}
 h - 2 scrolls of vulnerability {unknown}
 j - a scroll of fog {unknown}
 k - a scroll of enchant armour {unknown}
Potions
 f - 2 potions of might {unknown}
 g - a potion of resistance {unknown}
 i - a potion of lignification {unknown}
 m - a potion of curing {unknown}


   Skills:
 + Level 3.4 Dodging
 - Level 1.5 Stealth
 + Level 3.8 Spellcasting


You couldn't memorise any spells.
You knew the following spells:

 Your Spells              Type           Power      Damage    Failure   Level
a - Freeze                Ice            72%        1d9       3%          1
b - Frozen Ramparts       Ice            36%        1d6       9%          3
c - Ozocubu's Armour      Ice            18%        N/A       9%          3
d - Hailstorm             Conj/Ice       18%        3d6       28%         4
e - Foxfire               Conj/Fire      72%        2x1d7     3%          1
Your spell library was empty.

Dungeon Overview and Level Annotations

Branches:
Dungeon (2/15)

Altars:

Shops:
D:2 !


Innate Abilities, Weirdness & Mutations

You are immune to sickness and miasma.
You are immune to poison.
Your flesh is very heat resistant. (rF++)
You are vulnerable to cold. (rC-)
You float through the air rather than walking.
You learn spells naturally, not from books.
Your magical power is your life essence.
You have superior vitality. (+4 MHP)


Message History

The necrophage attacks as you move away!
The necrophage completely misses you. The quokka barely misses you.
Casting: Freeze (safe; 3% risk of failure)
Confirm with . or Enter, or press ? or * to list all spells.
Okay, then.
Unknown command.
The quokka attacks as you move away! The quokka bites you.
The quokka attacks as you move away! The quokka completely misses you.
The quokka bites you but does no damage.
The quokka attacks as you move away! The quokka barely misses you.
The quokka attacks as you move away!
The quokka bites you but does no damage.
There is an open door here.
Casting: Freeze (safe; 3% risk of failure)
Confirm with . or Enter, or press ? or * to list all spells.
The spell is quite dangerous to miscast (9% risk of failure)!
Continue anyway?
Casting: Frozen Ramparts (quite dangerous; 9% risk of failure)
Press: ? - help, Dir - look around, f - activate An open door.
The walls around you are covered in ice.
The wall freezes the quokka.
The quokka barely misses you.
The wall freezes the quokka. x2
You kill the quokka!
The wall freezes the quokka but does no damage.
Unknown command.
Casting: Frozen Ramparts (quite dangerous; 9% risk of failure)
Confirm with . or Enter, or press ? or * to list all spells.
Okay, then.
Casting: Frozen Ramparts (quite dangerous; 9% risk of failure)
Confirm with . or Enter, or press ? or * to list all spells.
Okay, then.
Casting: Frozen Ramparts (quite dangerous; 9% risk of failure)
Confirm with . or Enter, or press ? or * to list all spells.
The spell is extremely dangerous to miscast (28% risk of failure)!
Continue anyway?
Casting: Hailstorm (extremely dangerous; 28% risk of failure)
Press: ? - help, Dir - look around, f - activate You miscast Hailstorm.
You are very lightly contaminated with residual magic.
You are covered in a thin layer of ice!
You feel a terrible chill!
You die...

#.....#~≈~≈~# ##.......
#.....#≈~≈~≈# #.......
#.....###'### #.......
#.........# #.......
#.........#######+#....
#.........#.....# #....
#...............# #....
#.........#.#...# #....
######@##.......# #....
#r#..#.#...# #....
#.nn.......+ #####
######.....# #....##
#....# ....... ...#.#
....


You could see a necrophage and a quokka.

Vanquished Creatures
  An adder (D:2)
  2 endoplasms
  6 hobgoblins (D:1)
  3 jackals (D:1)
  2 kobolds
  6 quokkas
  3 ball pythons
  6 bats
  3 goblins (D:1)
  4 rats
36 creatures vanquished.

Notes
Turn   | Place    | Note
-------+----------+-------------------------------------------
     0 | D:1      | leafyfresh the Djinni Ice Elementalist began the quest for
                  | the Orb.
     0 | D:1      | leafyfresh set off with the following spells memorised:
                  | Freeze, Frozen Ramparts, Ozocubu's Armour, Hailstorm.
     0 | D:1      | Reached XP level 1. HP: 15/15 MP: 0/0
    56 | D:1      | Found a faded altar of an unknown god.
   233 | D:1      | Reached XP level 2. HP: 9/21 MP: 0/0
   694 | D:1      | Reached XP level 3. HP: 8/25 MP: 0/0
   694 | D:1      | Learned a level 1 spell: Foxfire
  2098 | D:2      | Found Tiw Uhad's Distillery.
  2181 | D:2      | Reached XP level 4. HP: 18/31 MP: 0/0
  2185 | D:2      | Noticed a necrophage
  2198 | D:2      | Killed by miscasting Hailstorm

Illustrated notes

Levels and vault maps discovered:
D:1:      dpeg_arrival_arbitrary_c, layout_basic, basic_ecumenical_altar,
          minmay_tetromino_t2
D:2:      layout_basic, serial_shops, shop_statue, serial_glass,
          glass_columns_a, glass_columns_b, nrook_campfire,
          chequers_serial_rivers_room_b

Skill      XL: |  1  2 |
---------------+-------+-----
Dodging        | 3 |  3.4
Stealth        | |  1.5
Spellcasting   | |  3.8

Action                   |  1- 3 |  4- 6 || total
-------------------------+-------+-------++-------
Melee: Unarmed           |    12 |       ||    12
       Dagger            |    59 |     1 ||    60
 Cast: Freeze            |    36 |       ||    36
       Foxfire           |     1 |       ||     1
       Frozen Ramparts   |       |     1 ||     1
 Stab: Distracted        |     1 |       ||     1
       Sleeping          |     2 |       ||     2
Armor: Robe              |    23 |     2 ||    25
Dodge: Dodged            |    73 |     8 ||    81
